Map: Dusk Towers

Players

MygraiN

  • Race: Protoss Protoss
  • League: Grandmaster

Pokebunny - Winner!

  • Race: Terran Terran
  • League: Grandmaster

VOD

Have the link to the VOD?

Description

Time

  • Played on: April 5, 2016, 2:56 p.m.
  • Length: 7:27
Show
View Real Time Build Order
Export as new Build Order

MygraiN Protoss 

Build Orders: 1 Gate Expand 

Get SALT Encoding   

  12  0:01  Probe (Chrono Boost)  
  13  0:11  Probe (Chrono Boost)  
  14  0:17  Pylon  
  14  0:22  Probe (Chrono Boost)  
  15  0:36  Probe (Chrono Boost)  
  15  0:37  Gateway  
  15  0:41  Assimilator  
  16  0:46  Probe (Chrono Boost)  
  18  0:57  Probe (Chrono Boost)  
  18  1:07  Probe (Chrono Boost)  
  19  1:21  Nexus  
  19  1:34  Cybernetics Core  
  19  1:35  Probe (Chrono Boost)  
  20  1:40  Assimilator  
  20  1:45  Probe (Chrono Boost)  
  21  1:56  Pylon, Probe (Chrono Boost)  
  22  2:06  Probe (Chrono Boost)  
  23  2:12  Warp Gate  
  23  2:15  Adept (Chrono Boost)  
  25  2:18  Probe  
  26  2:30  Mothership Core  
  26  2:32  Probe  
  29  2:39  Stalker (Chrono Boost)  
  29  2:42  Probe  
  32  2:51  Probe (Chrono Boost)  
  32  2:53  Probe (Chrono Boost)  
  32  2:54  Robotics Facility  
  34  3:03  Pylon, Probe (Chrono Boost)  
  34  3:05  Probe (Chrono Boost)  
  36  3:13  Probe (Chrono Boost)  
  36  3:15  Probe (Chrono Boost)  
  36  3:19  Stalker (Chrono Boost)  
  40  3:22  Twilight Council  
  40  3:24  Probe (Chrono Boost)  
  40  3:25  Probe (Chrono Boost)  
  42  3:35  Probe (Chrono Boost)  
  42  3:36  Probe (Chrono Boost)  
  42  3:40  Gateway  
  44  3:42  Observer (Chrono Boost), Gateway  
  44  3:45  Probe  
  44  3:46  Probe  
  47  3:48  Stalker  
  47  3:52  Pylon  
  49  3:57  Pylon  
  49  3:59  Observer (Chrono Boost)  
  44  4:18  Probe x2  
  46  4:24  Blink (Chrono Boost)  
  46  4:30  Probe x2 (Chrono Boost)  
  48  4:42  Probe x2 (Chrono Boost)  
  49  4:47  Stalker x2  
  49  4:52  Probe (Chrono Boost)  
  54  4:55  Nexus  
  54  4:58  Pylon  
  54  5:02  Observer (Chrono Boost), Probe (Chrono Boost)  
  54  5:04  Probe  
  57  5:13  Probe  
  57  5:16  Pylon, Probe  
  57  5:17  Pylon  
  59  5:21  Stalker  
  59  5:22  Stalker  
  59  5:23  Stalker  
  65  5:34  Probe  
  65  5:35  Probe  
  66  5:45  Stalker x2  
  66  5:48  Zealot  
  66  5:49  Probe  
  69  5:52  Pylon  
  69  5:53  Pylon  
  69  5:57  Immortal (Chrono Boost)  
  69  5:58  Probe  
  69  6:01  Probe  
  73  6:05  Assimilator  
  73  6:06  Assimilator  
  73  6:10  Probe  
  62  6:22  Mothership Core  
  62  6:23  Zealot x2  
  62  6:24  Zealot  
  62  6:25  Probe  
  70  6:26  Probe  
  70  6:32  Immortal  
  72  6:37  Probe  
  72  6:38  Probe  
  75  6:50  Stalker x2  
  75  6:52  Probe  
  75  6:53  Probe  
  77  6:58  Pylon  
  75  7:02  Pylon  
  75  7:03  Pylon  
  75  7:06  Pylon  
Show
View Real Time Build Order
Export as new Build Order

Pokebunny Terran - Winner!

Build Orders: 1/1/1, Liberator Opening 

Get SALT Encoding   

  12  0:01  SCV  
  13  0:13  SCV  
  14  0:17  Supply Depot  
  14  0:25  SCV  
  14  0:27  Refinery  
  15  0:39  SCV  
  16  0:45  Barracks  
  16  0:51  SCV  
  17  1:03  SCV  
  18  1:15  SCV  
  19  1:33  Orbital Command  
  19  1:34  Factory, Marine  
  19  1:38  Refinery  
  20  1:45  Supply Depot  
  20  1:52  Marine  
  21  1:59  SCV  
  22  2:10  Barracks Reactor  
  22  2:12  SCV  
  23  2:18  Hellion, Starport  
  23  2:22  Supply Depot  
  25  2:24  SCV  
  26  2:36  SCV  
  27  2:38  Widow Mine  
  29  2:47  Marine x2  
  29  2:49  SCV  
  29  2:50  Supply Depot  
  32  2:54  Medivac  
  34  3:01  SCV  
  34  3:04  Marine  
  34  3:05  Marine  
  37  3:08  Factory Tech Lab  
  37  3:15  Liberator  
  37  3:19  Supply Depot  
  38  3:23  Marine x2  
  39  3:28  Siege Tank  
  45  3:41  Marine x2  
  45  3:46  Barracks  
  47  3:53  Barracks  
  47  4:02  Siege Tank  
  50  4:10  Liberator  
  50  4:12  Marine x2  
  50  4:23  Supply Depot  
  50  4:29  Marine  
  50  4:30  Marine  
  55  4:44  Marine x2  
  57  4:46  Siege Tank, Supply Depot  
  57  4:51  Marine x2  
  60  5:03  Marine x2  
  60  5:05  Supply Depot  
  62  5:09  Marine  
  62  5:10  Medivac  
  65  5:23  Marine x2  
  65  5:24  Marine  
  65  5:41  Marine x2  
  67  5:45  Siege Tank, Marine  
  67  5:48  Marine  
  72  6:02  Marine x2  
  73  6:15  Marine x2  
  73  6:17  Siege Tank  
  76  6:33  Marine  
  76  6:34  Marine x2, Bunker  
  79  6:41  Bunker  
  79  6:45  Marine  
  77  6:51  Marine  
  76  6:54  Siege Tank  
Tags
 
Add a new tag
Caveats
  • Supply blocks, unpowered buildings, or Contaminate may cause inaccurate times.
  • Supply counts are checked every 10 seconds.